 Dungeon Crawl Stone Soup version 0.25.1-2-g60ff931df9 (webtiles) character file.

Game seed: 12605703044595605056

3242 protoss039 the Thaumaturge (level 9, -2/48 HPs)
             Began as a Deep Elf Earth Elementalist on Aug 2, 2020.
             Was a Follower of Sif Muna.
             Slain by a wyvern zombie (9 damage)
             ... on level 7 of the Dungeon.
             The game lasted 00:15:18 (9748 turns).

protoss039 the Thaumaturge (DEEE)                   Turns: 9748, Time: 00:15:18

Health: -2/48      AC:  4    Str: 11    XL:     9   Next: 67%
Magic:  3/26       EV: 13    Int: 24    God:    Sif Muna [*.....]
Gold:   281        SH:  0    Dex: 15    Spells: 16/31 levels left

rFire    . . .     SeeInvis .   E - +0 short sword (venom)
rCold    . . .     Gourm    .   (no shield)
rNeg     . . .     Faith    .   c - +0 robe
rPois    .         Spirit   .   (no helmet)
rElec    .         Reflect  .   u - +0 cloak
rCorr    .         Harm     .   F - +0 pair of gloves
MR       .....                  (no boots)
Stlth    ++........             (no amulet)
HPRegen  0.16/turn              B - +6 ring of strength
MPRegen  0.20/turn              (no ring)

@: brilliant, marked, stab
A: no striking features
a: Channel Magic, Renounce Religion


You were on level 7 of the Dungeon.
You worshipped Sif Muna.
Sif Muna was aware of your devotion.
You were very hungry.

You visited 2 branches of the dungeon, and saw 8 of its levels.

You collected 281 gold pieces.

Inventory:

Hand Weapons
 E - a +0 short sword of venom (weapon)
Missiles
 b - 140 stones (quivered)
Armour
 c - a +0 robe (worn)
 u - a +0 cloak (worn)
 F - a +0 pair of gloves (worn)
Jewellery
 y - an uncursed ring of fire
 B - a +6 ring of strength (left hand)
Wands
 a - a wand of digging (5)
 o - a wand of disintegration (8)
 r - a wand of polymorph (14)
Scrolls
 g - 6 scrolls of remove curse
 i - 2 scrolls of teleportation {unknown}
 j - 4 scrolls of enchant armour {unknown}
 k - 3 scrolls of immolation {unknown}
 p - 2 scrolls of blinking {unknown}
 q - 2 scrolls of fear {unknown}
 t - a scroll of fog {unknown}
 v - 3 scrolls of amnesia {unknown}
 w - 3 scrolls of identify {unknown}
 x - a scroll of magic mapping {unknown}
 C - a scroll of random uselessness {unknown}
Potions
 e - 2 potions of brilliance
 f - 2 potions of curing
 h - a potion of stabbing
 m - 2 potions of cancellation {unknown}
 n - a potion of degeneration {unknown}
 s - 2 potions of might {unknown}
 z - a potion of invisibility {unknown}
 A - a potion of haste {unknown}
 D - a potion of flight {unknown}
Comestibles
 d - 13 rations
 l - 3 chunks of flesh


   Skills:
 * Level 2.3 Fighting
 - Level 3.0 Dodging
 - Level 3.0 Stealth
 + Level 11.5 Spellcasting
 + Level 4.7 Conjurations
 - Level 1.1 Transmutations
 + Level 9.6 Earth Magic
 * Level 3.0 Invocations


You had 16 spell levels left.
You knew the following spells:

 Your Spells              Type           Power        Failure   Level  Hunger
a - Sandblast             Erth           ######       1%          1    None
b - Passwall              Tmut/Erth      ######..     1%          2    None
c - Stone Arrow           Conj/Erth      ######       1%          3    None
d - Petrify               Tmut/Erth      ######..     4%          4    None
e - Lee's Rapid Deconstr  Erth           ######....   2%          5    None

Your spell library contained the following spells:

 Spells                   Type           Power        Failure   Level  Hunger


Dungeon Overview and Level Annotations

Branches:
Dungeon (7/15)             Temple (1/1) D:6

Altars:
Ashenzari
Cheibriados
Dithmenos
Elyvilon
Fedhas
Gozag
Hepliaklqana
Kikubaaqudgha
Makhleb
Nemelex Xobeh
Okawaru
Qazlal
Ru
Sif Muna
Trog
Uskayaw
Vehumet
Wu Jian
Xom
Yredelemnul
Zin
The Shining One

Shops:
D:7 [


Message History

Here: a wyvern zombie The floor.
You see here 2 stones.
Unknown command.
You see here a stone.
Unknown command.
The wyvern zombie bites you!
* * * LOW HITPOINT WARNING * * *
Unknown command.
It was a potion of curing.
You feel better. The wyvern zombie closely misses you.
Unknown command.
It was a potion of brilliance.
You feel clever all of a sudden. The wyvern zombie barely misses you.
Unknown command.
It was a potion of stabbing.
You feel ready to backstab. The wyvern zombie bites you!
You die...

##.#......(.....#..
#.#...............
#.#[...........##+#
...............#.####
##.........((........#
....#....)##'#.#.##.#
#..#...)((.)#.#.##.#
#.>#.#.(##Z##.#.##.#####
###..#...#.@..#.##.....#
######....#...#....#.######.###
h......####...###....# #...#
#####..#⌠..#'##.⌠#..#########.#
###.h..#..................Z##.#
....#####.......#.##..####..#.#
....# #..................<#.#
....# +..._...+...#.#####.#.#
..... #.......#...#.# #.#.#


You could see a wyvern zombie.

Vanquished Creatures
  Harold (D:7)
  Grinder (D:6)
  Eustachio (D:6)
  Duvessa (D:6)
  A water moccasin (D:6)
  A sky beast (D:6)
  A phantom (D:5)
  A necrophage (D:6)
  5 bullfrogs
  Dowan (D:6)
  2 scorpions
  3 killer bees (D:7)
  A howler monkey (D:7)
  A crimson imp (D:7)
  A jelly (D:7)
  A bullfrog zombie (D:6)
  2 hounds
  An orc priest (D:3)
  3 bullfrog skeletons
  Jessica (D:3)
  Ijyb (D:3)
  Natasha (thrice) (D:2)
  2 iguanas (D:5)
  5 orc wizards
  7 worker ants
  A worker ant zombie (D:6)
  11 gnolls
  7 adders
  An ooze (D:2)
  2 worms
  3 dart slugs (D:1)
  5 leopard geckos
  14 orcs
  2 ball pythons
  9 bats
  6 giant cockroaches
  13 goblins
  10 hobgoblins
  11 jackals
  21 kobolds
  4 quokkas
  9 frilled lizards
  2 jackal skeletons
  A quokka skeleton (D:4)
  7 rats
187 creatures vanquished.

Notes
Turn   | Place    | Note
-------+----------+-------------------------------------------
     0 | D:1      | protoss039 the Deep Elf Earth Elementalist began the quest
                  | for the Orb.
     0 | D:1      | Reached XP level 1. HP: 10/10 MP: 6/6
   191 | D:1      | Reached XP level 2. HP: 15/15 MP: 6/8
   724 | D:1      | Reached XP level 3. HP: 14/19 MP: 7/10
  1529 | D:2      | Reached skill level 4 in Spellcasting
  1529 | D:2      | Reached XP level 4. HP: 15/24 MP: 8/12
  1897 | D:2      | Noticed Natasha
  1901 | D:2      | Killed Natasha
  1907 | D:2      | Learned a level 2 spell: Passwall
  1911 | D:2      | Learned a level 3 spell: Stone Arrow
  1938 | D:2      | Noticed Natasha
  1944 | D:2      | Killed Natasha
  1944 | D:2      | Reached skill level 5 in Spellcasting
  1949 | D:2      | Noticed Natasha
  1956 | D:2      | Killed Natasha
  1956 | D:2      | Reached XP level 5. HP: 28/28 MP: 5/14
  2321 | D:2      | Reached skill level 5 in Earth Magic
  2701 | D:2      | Learned a level 4 spell: Petrify
  2945 | D:3      | Noticed Jessica
  3044 | D:3      | Killed Jessica
  3165 | D:3      | Reached skill level 6 in Spellcasting
  3166 | D:3      | Reached XP level 6. HP: 30/32 MP: 6/17
  3260 | D:3      | Noticed Ijyb
  3270 | D:3      | Killed Ijyb
  4552 | D:4      | Reached skill level 1 in Conjurations
  4584 | D:4      | Reached skill level 7 in Spellcasting
  5051 | D:4      | Reached XP level 7. HP: 36/36 MP: 14/19
  5222 | D:4      | Learned a level 5 spell: Lee's Rapid Deconstruction
  5223 | D:5      | Entered Level 5 of the Dungeon
  5803 | D:5      | Reached skill level 8 in Spellcasting
  5986 | D:5      | Found a sacrificial altar of Ru.
  6662 | D:6      | Noticed Eustachio
  6669 | D:6      | Killed Eustachio
  6678 | D:6      | Reached XP level 8. HP: 36/41 MP: 2/22
  6994 | D:6      | Reached skill level 9 in Spellcasting
  6997 | D:6      | Noticed Duvessa
  7274 | D:6      | Noticed Dowan
  7378 | D:6      | Killed Duvessa
  7382 | D:6      | Killed Dowan
  7743 | D:6      | Noticed Grinder
  7749 | D:6      | Killed Grinder
  7749 | D:6      | Reached skill level 10 in Spellcasting
  7954 | D:6      | Found a staircase to the Ecumenical Temple.
  7969 | Temple   | Entered the Ecumenical Temple
  8270 | Temple   | Became a worshipper of Sif Muna the Loreminder
  8939 | D:7      | Found a shattered altar of Ashenzari.
  9039 | D:7      | Noticed Harold
  9041 | D:7      | Reached XP level 9. HP: 46/46 MP: 18/25
  9063 | D:7      | Reached skill level 1 in Invocations
  9187 | D:7      | Reached skill level 1 in Fighting
  9188 | D:7      | Reached * piety under Sif Muna
  9506 | D:7      | Reached skill level 11 in Spellcasting
  9722 | D:7      | Found Urphutuwk's Armour Emporium.
  9741 | D:7      | Killed Harold
  9745 | D:7      | HP: 2/48 [wyvern zombie (11)]
  9748 | D:7      | Slain by a wyvern zombie

Illustrated notes

Levels and vault maps discovered:
D:1:      sevenhm_arrival_forest_fort_large_4, layout_basic,
          minmay_strange_pillars
D:2:      layout_basic, uniq_natasha
D:3:      layout_basic, minivault_27, uniq_ijyb, uniq_jessica
D:4:      layout_loops_corners, first_ration
D:5:      layout_cave_pods, serial_bayou, serial_bayou_ford_a,
          serial_bayou_pond_d, serial_bayou_pond_d, serial_bayou_lagoon_b,
          nicolae_ru_path_of_blood
D:6:      corexii_shantytown, layout_basic, minmay_temple_entry_junction_2,
          uniq_grinder, uniq_eustachio, uniq_duvessa
D:7:      layout_basic, evilmike_ruin_ashenzari, serial_shops,
          nicolae_shop_statue_plus, uniq_harold
Temple:   roderic_octagonal_lattice_temple

Skill      XL: |  1  2  3  4  5  6  7  8  9 |
---------------+----------------------------+-----
Earth Magic    | 4 5 6 7 8 9 |  9.6
Dodging        | 3 |  3.0
Stealth        | 3 |  3.0
Spellcasting   | 4 5 6 7 8 10 11 | 11.5
Conjurations   | 1 2 4 |  4.7
Invocations    | 3 |  3.0
Fighting       | 2 |  2.3
Transmutations | |  1.1

Action                   |  1- 3 |  4- 6 |  7- 9 || total
-------------------------+-------+-------+-------++-------
Melee: Unarmed           |     3 |       |       ||     3
       Short sword       |     9 |       |     1 ||    10
 Cast: Sandblast         |    43 |    55 |    42 ||   140
       Stone Arrow       |       |    37 |   103 ||   140
       Lee's Rapid Decon |       |       |     7 ||     7
  Use: Scroll            |       |       |     1 ||     1
       Potion            |       |       |     3 ||     3
 Stab: Sleeping          |     1 |       |       ||     1
  Eat: Chunk             |     1 |     5 |    14 ||    20
       Ration            |       |     2 |       ||     2
Armor: Robe              |     6 |       |     6 ||    12
Dodge: Dodged            |    27 |    16 |    30 ||    73
